 Dungeon Crawl Stone Soup version 0.30-a0-739-gea05faddec (webtiles) character file.

Game seed: 16555735698494832372

1942 jimonade the Cutter (level 9, -4/63 HPs)
             Began as a Djinni Hedge Wizard on Feb 4, 2023.
             Was an Initiate of Ashenzari.
             Slain by a two-headed ogre
             ... wielding a +0 giant club
              (8 damage)
             ... on level 8 of the Dungeon.
             The game lasted 00:16:18 (6297 turns).

jimonade the Cutter (Djinni Hedge Wizard)           Turns: 6297, Time: 00:16:19

Health: -4/63      AC: 11    Str: 11    XL:     9   Next: 41%
Gold:   30         EV: 12    Int: 17    God:    Ashenzari [......] SH:  6 Dex: 20

rFire   + + +      SeeInvis +    a - +0 dagger (venom)
rCold   . . .      Faith    .    i - +0 buckler
rNeg    . . .      Spirit   .    Q - +2 ring mail {rC+}
rPois   ∞          Reflect  .    z - +1 helmet
rElec   .          Harm     .    B - +0 cloak
rCorr   .          Rampage  .    (no gloves)
Will    .....                    (boots unavailable)
Stlth   +++                      Y - amulet of regeneration
HPRegen 1.10/turn                k - +4 ring of slaying
MPRegen 0.00/turn                r - ring "Vefodd" {rF+ Dex+6 SInv Stlth+}

@: flying
A: sickness immunity, fire resistance 2, cold vulnerability 1, float, innate
caster, HP casting, extra vitality 1
a: Renounce Religion, Curse Item


You were on level 8 of the Dungeon.
You worshipped Ashenzari.
Ashenzari was noncommittal.
You visited 2 branches of the dungeon, and saw 9 of its levels.

You collected 330 gold pieces.
You spent 300 gold pieces at shops.

Inventory:

Hand Weapons
 a - a +0 dagger of venom (weapon)
 b - a +2 short sword of draining
 u - a +0 sling
 U - a +0 rapier
Missiles
 J - 3 boomerangs
 O - a throwing net
 R - 18 poisoned darts
 S - a curare-tipped dart
Armour
 i - a +0 buckler (worn)
 q - a scarf of invisibility
 z - a +1 helmet (worn)
 A - a +3 ring mail
 B - a +0 cloak (worn)
 P - a +2 chain mail of fire resistance
 Q - a +2 ring mail of cold resistance (worn)
 W - a +0 helmet
Jewellery
 k - a +4 ring of slaying (left hand)
 n - an amulet of the acrobat
 r - the ring "Vefodd" (right hand) {rF+ Dex+6 SInv Stlth+}
   (You found it on level 2 of the Dungeon)

   [ring of dexterity]

   Dex:       It affects your dexterity (+6).
   rF:        It protects you from fire.
   SInv:      It lets you see invisible.
   Stlth:     It makes you more stealthy.
 T - a ring of ice
 X - a ring of protection from cold
 Y - an amulet of regeneration (around neck)
Wands
 e - a wand of polymorph (5)
 v - a wand of iceblast (4)
 x - a wand of flame (21)
 y - a wand of charming (14)
 H - a wand of acid (5)
Scrolls
 c - a scroll of vulnerability {unknown}
 f - 2 scrolls of teleportation {unknown}
 h - 4 scrolls of identify {unknown}
 m - 5 scrolls of amnesia {unknown}
 o - 2 scrolls of magic mapping {unknown}
 C - a scroll of noise {unknown}
 D - a scroll of brand weapon {unknown}
 G - a scroll of immolation {unknown}
 L - a scroll of poison {unknown}
 N - a scroll of blinking {unknown}
Potions
 d - a potion of magic
 g - a potion of flight {unknown}
 j - 2 potions of mutation {unknown}
 l - a potion of ambrosia {unknown}
 p - 3 potions of lignification {unknown}
 s - 5 potions of heal wounds {unknown}
 t - 4 potions of attraction {unknown}
 w - a potion of haste
 E - 4 potions of curing {unknown}
 F - a potion of berserk rage {unknown}
 I - 3 potions of might
 K - a potion of invisibility {unknown}
 M - a potion of resistance
 V - a potion of brilliance {unknown}


   Skills:
 + Level 4.6 Fighting
 * Level 6.0 Short Blades
 + Level 4.2 Armour
 + Level 4.2 Dodging
 - Level 3.2 Stealth
 + Level 3.4 Shields
 * Level 3.3 Spellcasting


You couldn't memorise any spells.
You knew the following spells:

 Your Spells              Type           Power      Damage    Failure   Level
a - Magic Dart            Conj           56%        1d5       13%         1
b - Slow                  Hex            56%        N/A       13%         1
c - Blink                 Tloc           28%        N/A       19%         2
d - Call Imp              Summ           14%        N/A       19%         2
e - Mephitic Cloud        Conj/Pois/Air  14%        N/A       36%         3
f - Beastly Appendage     Tmut           28%        N/A       13%         1
g - Wereblood             Tmut           14%        N/A       19%         2
h - Stone Arrow           Conj/Erth      28%        3d8       36%         3
i - Ozocubu's Armour      Ice            14%        N/A       36%         3
Your spell library was empty.

Dungeon Overview and Level Annotations

Branches:
Dungeon (8/15)             Temple (1/1) D:5
   Lair: D:8-11

Altars:
Ashenzari
Cheibriados
Dithmenos
Elyvilon
Fedhas
Gozag
Hepliaklqana
Makhleb
Nemelex Xobeh
Okawaru
Qazlal
Ru
Trog
Uskayaw
Wu Jian
Xom
Yredelemnul
Zin
The Shining One

Shops:
D:2 =

Annotations:
D:7 3 runed translucent doors, Darkkill's ghost, novice MiHu


Innate Abilities, Weirdness & Mutations

You are immune to sickness and miasma.
You are immune to poison.
Your flesh is very heat resistant. (rF++)
You are vulnerable to cold. (rC-)
You float through the air rather than walking.
You learn spells naturally, not from books.
Your magical power is your life essence.
You have superior vitality. (+4 MHP)


Message History

The yak is almost dead.
The yak gores you but does no damage.
You hit the yak.
You kill the yak!
Your Short Blades skill increases to level 6!
Things that are here:
a yak corpse; a yak corpse HP restored.
You now have 30 gold pieces (gained 21).
Found a war axe.
A two-headed ogre comes into view. It is wielding two +0 giant clubs.
You hit the two-headed ogre.
The two-headed ogre is poisoned.
The two-headed ogre is lightly wounded.
The two-headed ogre hits you with a +0 giant club!
The two-headed ogre barely misses you.
You puncture the two-headed ogre!
The two-headed ogre is lightly wounded.
You hit the two-headed ogre.
The two-headed ogre looks as sick as possible!
The two-headed ogre is moderately wounded.
The two-headed ogre hits you with a +0 giant club.
The two-headed ogre hits you with a +0 giant club!!
You are too injured to fight recklessly!
You are too injured to fight recklessly!
You hit the two-headed ogre.
The two-headed ogre is moderately wounded.
You hit the two-headed ogre.
The two-headed ogre is heavily wounded.
You hit the two-headed ogre.
The two-headed ogre is severely wounded.
The two-headed ogre hits you with a +0 giant club!
* * * LOW HITPOINT WARNING * * *
The two-headed ogre hits you with a +0 giant club!
* * * LOW HITPOINT WARNING * * *
You hit the two-headed ogre.
The two-headed ogre is severely wounded.
You hit the two-headed ogre.
The two-headed ogre is severely wounded.
The two-headed ogre hits you with a +0 giant club!
You die...

.#.# .#.# # (#.# .#
.#.# .# ...# ..#
##.##### ###..#
#.....# #....#
#####.# ###.#.#####
#<# #..@O......
#.#######.#.#.#####
######.##......#.# #
#.........###.)#.#
#.####.##.#........#
#.# #.##.#.#..#.###
#.####.##......#.#
.......##.#.##....
#.......#.#.##.....


You could see a two-headed ogre (very poisoned).

Vanquished Creatures
  3 yaks (D:8)
  A steam dragon (D:7)
  A water moccasin (D:5)
  A black bear (D:5)
  An ice beast (D:6)
  An ogre (D:6)
  2 phantoms (D:6)
  2 kobold brigands
  A bullfrog (D:7)
  2 scorpions
  A howler monkey (D:5)
  2 jellies
  An orc priest (D:6)
  Ijyb (D:5)
  3 iguanas
  2 orc wizards (D:5)
  Robin (D:3)
  7 gnolls
  6 adders
  A white imp (D:7)
  An ufetubus (D:5)
  2 worms (D:2)
  A dart slug (D:1)
  12 orcs
  5 endoplasms
  6 giant cockroaches
  13 goblins
  5 hobgoblins
  13 kobolds
  4 quokkas
  3 ball pythons
  7 bats
  3 frilled lizards
  5 rats
120 creatures vanquished.

Notes
Turn   | Place    | Note
-------+----------+-------------------------------------------
     0 | D:1      | jimonade the Djinni Hedge Wizard began the quest for the
                  | Orb.
     0 | D:1      | jimonade set off with the following spells memorised: Magic
                  | Dart, Slow, Blink, Call Imp, Mephitic Cloud.
     0 | D:1      | Reached XP level 1. HP: 15/15 MP: 0/0
   100 | D:1      | Reached XP level 2. HP: 20/21 MP: 0/0
   640 | D:2      | Reached XP level 3. HP: 22/25 MP: 0/0
   640 | D:2      | Learned a level 1 spell: Beastly Appendage
   781 | D:2      | Identified the ring "Vefodd" {rF+ Dex+6 SInv Stlth+}
   803 | D:2      | Found Onop Huco's Jewellery Shop.
   839 | D:2      | Reached XP level 4. HP: 18/31 MP: 0/0
  1210 | D:2      | Found a white marble altar of Elyvilon.
  1337 | D:3      | Noticed Robin
  1553 | D:3      | Reached skill level 1 in Fighting
  1553 | D:3      | Reached skill level 1 in Short Blades
  1865 | D:3      | Killed Robin
  1866 | D:3      | Reached XP level 5. HP: 26/37 MP: 0/0
  1866 | D:3      | Learned a level 2 spell: Wereblood
  2425 | D:4      | Reached skill level 2 in Short Blades
  2756 | D:5      | Entered Level 5 of the Dungeon
  2761 | D:5      | Noticed a black bear
  2785 | D:5      | Killed a black bear
  2786 | D:5      | Reached skill level 1 in Shields
  2786 | D:5      | Reached XP level 6. HP: 26/42 MP: 0/0
  2994 | D:5      | Noticed a water moccasin
  3006 | D:5      | Killed a water moccasin
  3007 | D:5      | Reached skill level 3 in Short Blades
  3007 | D:5      | Reached skill level 1 in Armour
  3007 | D:5      | Reached XP level 7. HP: 48/48 MP: 0/0
  3007 | D:5      | Learned a level 3 spell: Stone Arrow
  3165 | D:5      | Found a staircase to the Ecumenical Temple.
  3165 | D:5      | Noticed Ijyb
  3182 | D:5      | Killed Ijyb
  3194 | Temple   | Entered the Ecumenical Temple
  3194 | Temple   | Found a transporter.
  3194 | Temple   | Found a transporter.
  3295 | Temple   | Found a transporter.
  3295 | Temple   | Found a transporter.
  3327 | Temple   | Became a worshipper of Ashenzari the Shackled
  3725 | D:6      | Reached skill level 4 in Short Blades
  3725 | D:6      | Reached XP level 8. HP: 20/55 MP: 0/0
  4719 | D:6      | Found a hide-covered altar of Uskayaw.
  4885 | D:7      | Reached skill level 5 in Short Blades
  5009 | D:7      | Found a bloodstained altar of Trog.
  5047 | D:7      | Found a runed translucent gate.
  5047 | D:7      | Found a runed translucent gate.
  5047 | D:7      | Found a runed translucent gate.
  5053 | D:7      | Noticed Darkkill's ghost (novice MiHu)
  5058 | D:7      | Identified the +0 chain mail "Kiuv" {+Inv Str+3}
  5154 | D:7      | Reached XP level 9. HP: 30/62 MP: 0/0
  5154 | D:7      | Learned a level 3 spell: Ozocubu's Armour
  5558 | D:7      | Found an opulent altar of Gozag.
  5762 | D:2      | Bought an amulet of regeneration for 300 gold pieces
  6232 | D:8      | Reached skill level 6 in Short Blades
  6287 | D:8      | Noticed a two-headed ogre
  6295 | D:8      | HP: 2/63 [two-headed ogre/+0 giant club (16)]
  6297 | D:8      | Slain by a two-headed ogre

Illustrated notes

Levels and vault maps discovered:
D:1:      saegor_arrival_simple_b, layout_basic, serial_bayou_pond_e
D:2:      layout_rooms, basic_altar, serial_shops,
          nicolae_shop_advertising_works [nicolae_subvault_shop_adworks],
          minmay_misc_feat_rows
D:3:      layout_basic, chequers_arboretum, grunt_decor_one_mirror,
          hex_intersection, uniq_robin
D:4:      layout_gridville
D:5:      layout_rooms, minmay_temple_entry_tees, uniq_ijyb
D:6:      cheibrodos_iron_armory, layout_loops_ring,
          nicolae_uskayaw_dance_studio
D:7:      layout_basic, kennysheep_mini_moat,
          mainiacjoe_overflow_surrounded_room, biasface_ghost_orc_armoury
D:8:      layout_loops_ring
Temple:   hellmonk_temple_divided_pantheon

Skill      XL: |  1  2  3  4  5  6  7  8  9 |
---------------+----------------------------+-----
Spellcasting   | 3 |  3.3
Fighting       | 1 2 4 |  4.6
Short Blades   | 1 2 3 4 5 6 |  6.0
Stealth        | 2 3 |  3.2
Dodging        | 3 4 |  4.2
Shields        | 1 2 3 |  3.4
Armour         | 1 3 4 |  4.2

Action                     |  1- 3 |  4- 6 |  7- 9 || total
---------------------------+-------+-------+-------++-------
  Melee: Dagger            |    34 |   118 |   244 ||   396
         Short sword       |       |       |     9 ||     9
   Cast: Magic Dart        |    41 |     2 |       ||    43
         Mephitic Cloud    |       |     1 |       ||     1
         Slow              |       |     1 |       ||     1
   Stab: Sleeping          |     1 |     8 |     3 ||    12
 Armour: Robe              |     9 |     5 |       ||    14
         Ring mail         |       |    38 |    62 ||   100
  Dodge: Dodged            |    18 |    67 |    91 ||   176
  Block: Buckler           |     4 |    28 |    53 ||    85

Table legend: (Time is in decaauts)
 A = Elapsed time spent in this place.
 B = Non-inter-level travel time spent in this place.
 C = Inter-level travel time spent in this place.
 D = Time resting spent in this place.
 E = Time spent auto-exploring this place.
 F = Levels seen in this place.
 G = Mean time per level.
                   A        B        C        D        E       F      G
               +--------+--------+--------+--------+--------+-----+--------+
         Total |   6252 |   5642 |    610 |    276 |   4135 |   9 |  694.7 |
       Dungeon |   6100 |   5519 |    581 |    276 |   4030 |   8 |  762.5 |
        Temple |    151 |    122 |     29 |      0 |    105 |   1 |  151.0 |
               +--------+--------+--------+--------+--------+-----+--------+

Top non-repeatable levels by time:
     D:6: 1051 daAuts
     D:7: 980 daAuts
     D:5: 966 daAuts
     D:3: 890 daAuts
     D:2: 857 daAuts
     D:1: 580 daAuts
     D:4: 543 daAuts
     D:8: 231 daAuts
  Temple: 151 daAuts
